 Dungeon Crawl Stone Soup version 0.29.1-15-g9cfb28693d (webtiles) character file.

Game seed: 12194963322023327271

602 vishdafish the Conjurer (level 7, 0/69 HPs)
             Began as a Demonspawn Conjurer on Mar 29, 2023.
             Was an Initiate of Vehumet.
             Killed from afar by a steam dragon (12 damage)
             ... with a ball of steam
             ... on level 6 of the Dungeon.
             The game lasted 00:09:02 (6331 turns).

vishdafish the Conjurer (Demonspawn Conjurer)       Turns: 6331, Time: 00:09:02

Health: 0/69       AC: 23    Str:  7    XL:     7   Next: 18%
Magic:  11/14      EV:  2    Int: 21    God:    Vehumet [......]
Gold:   316        SH:  0    Dex: 12    Spells: 6/15 levels left

rFire   . . .      SeeInvis .   b - +0 dagger
rCold   . . .      Faith    .   d - orb {*channel}
rNeg    . . .      Spirit   .   (body armour currently unavailable)
rPois   +          Reflect  .   (helmet currently unavailable)
rElec   .          Harm     .   (cloak currently unavailable)
rCorr   .          Rampage  .   (gloves currently unavailable)
Will    .....      NoTele   +   (boots currently unavailable)
Stlth   +.........              (no amulet)
HPRegen 0.21/turn               (no ring)
MPRegen 0.14/turn               (no ring)

@: confused, tree-form, ambrosia-drunk, hasted, very quick
A: stationary, stasis, torment immunity, boosted hp, (claws 2), (molten scales
1), powered by death 2
a: Renounce Religion


You were on level 6 of the Dungeon.
You worshipped Vehumet.
Vehumet was noncommittal.
You were a tree.
You visited 2 branches of the dungeon, and saw 7 of its levels.

You collected 316 gold pieces.

Inventory:

Hand Weapons
 b - a +0 dagger (weapon)
Armour
 a - a +0 robe (melded)
 d - an orb of energy (worn)
Jewellery
 j - an amulet of faith
Scrolls
 c - 2 scrolls of vulnerability {unknown}
 g - 2 scrolls of poison {unknown}
 i - a scroll of fear {unknown}
 l - 3 scrolls of identify {unknown}
 m - 4 scrolls of teleportation {unknown}
 n - 3 scrolls of enchant armour {unknown}
 p - a scroll of noise {unknown}
Potions
 e - a potion of haste
 f - a potion of might {unknown}
 h - 2 potions of lignification
 o - a potion of flight
 q - a potion of heal wounds {unknown}
 r - a potion of curing {unknown}


   Skills:
 - Level 1.7 Dodging
 - Level 1.7 Stealth
 + Level 4.8 Spellcasting
 + Level 6.4 Conjurations
 - Level 3.0 Evocations


You had 6 spell levels left.
You knew the following spells:

 Your Spells              Type           Power      Damage    Failure   Level
a - Magic Dart            Conj           100%       1d8       1%          1
b - Fulminant Prism       Conj/Hex       9%         3d7       28%         4
c - Iskenderun's Mystic   Conj/Tloc      18%        2d6       28%         4

Your spell library contained the following spells:

 Spells                   Type           Power      Damage    Failure   Level
 Searing Ray              Conj           64%        2d6       1%          2
 Dazzling Flash           Conj/Hex       36%        N/A       9%          3
 Blink                    Tloc           10%        N/A       17%         2
 Manifold Assault         Tloc           5%         N/A       97%         5
 Conjure Ball Lightning   Conj/Air       9%         3x3d6     99%         6
 Storm Form               Tmut/Air       2%         N/A       100%        7
 Discord                  Hex            2%         N/A       100%        8
 Disjunction              Tloc           2%         N/A       100%        8


Dungeon Overview and Level Annotations

Branches:
Dungeon (6/15)             Temple (1/1) D:4

Altars:
Ashenzari
Cheibriados
Gozag
Hepliaklqana
Makhleb
Nemelex Xobeh
Okawaru
Qazlal
Ru
Sif Muna
Trog
Uskayaw
Vehumet
Xom
Yredelemnul

Annotations:
Temple 2 transporters


Innate Abilities, Weirdness & Mutations

You are a tree.
Your roots penetrate the ground, keeping you stationary.
You cannot be teleported.
You are immune to unholy pain and torment.
Your maximum health is greatly increased.
Your equipment is partially melded.
((You have very sharp fingernails.))
((You are partially covered in molten scales. (AC +2)))
You regenerate health from kills.


Message History

The steam dragon is almost dead.
Your fulminant prism crackles loudly.
You barely miss the steam dragon.
The steam dragon is almost dead.
The steam dragon breathes steam at you. The ball of steam hits you!
* * * LOW HITPOINT WARNING * * *
You hear a shout!
You hit the steam dragon but do no damage.
The steam dragon is almost dead.
You are engulfed in a cloud of scalding steam.
Your fulminant prism explodes!
The blast of energy engulfs the steam dragon.
The steam dragon is almost dead.
The steam dragon bites you but does no damage.
The steam dragon claws you but does no damage.
You hear an angry hiss.
It was a potion of flight.
Your roots keep you in place.
You are engulfed in a cloud of scalding steam.
* * * LOW HITPOINT WARNING * * *
It was a potion of ambrosia.
You are confused.
You feel invigorated.
You are engulfed in a cloud of scalding steam.
The steam dragon bites you but does no damage.
The steam dragon claws you but does no damage.
You cannot move. (Use ctrl+direction or * direction to attack while stationary and confused.)
You cannot move. (Use ctrl+direction or * direction to attack while stationary and confused.)
You hit the steam dragon but do no damage.
The steam dragon is almost dead.
The steam dragon breathes steam at you.
The ball of steam hits you but does no damage.
You nearly hit yourself!
You are engulfed in a cloud of scalding steam.
You swing at nothing.
You are engulfed in a cloud of scalding steam.
* * * LOW HITPOINT WARNING * * *
The steam dragon breathes steam at you. The ball of steam hits you!
You die...

# ### #.
..# #.
#.# #
#..#.#
...##.#.#
.......D#
#####..♣#
#####


You could see a steam dragon (catching breath).

Vanquished Creatures
  2 scorpions (D:5)
  2 necrophages
  A hound (D:5)
  An orc priest (D:5)
  2 iguanas
  2 orc wizards
  2 gnolls (D:2)
  10 adders
  An ufetubus (D:5)
  6 dart slugs
  12 orcs
  6 bats
  4 endoplasms
  3 giant cockroaches
  3 goblins
  6 hobgoblins
  3 quokkas
  8 ball pythons
  2 frilled lizards
  7 kobolds
  5 rats
88 creatures vanquished.

Vanquished Creatures (others)
  2 fulminant prisms (D:6)
2 creatures vanquished.

Grand Total: 90 creatures vanquished

Notes
Turn   | Place    | Note
-------+----------+-------------------------------------------
     0 | D:1      | vishdafish the Demonspawn Conjurer began the quest for the
                  | Orb.
     0 | D:1      | Reached XP level 1. HP: 13/13 MP: 3/3
   530 | D:1      | Gained mutation: You have sharp fingernails. [demonic
                  | ancestry]
   530 | D:1      | Reached XP level 2. HP: 19/19 MP: 3/5
   747 | D:1      | Reached skill level 1 in Evocations
  1565 | D:2      | Gained mutation: You regenerate a little health from kills.
                  | [demonic ancestry]
  1565 | D:2      | Reached XP level 3. HP: 24/24 MP: 4/6
  1848 | D:2      | Reached XP level 4. HP: 30/30 MP: 1/8
  2942 | D:3      | Gained mutation: You regenerate health from kills. [demonic
                  | ancestry]
  2942 | D:3      | Reached XP level 5. HP: 35/35 MP: 3/9
  3377 | D:3      | Reached skill level 5 in Conjurations
  3943 | D:3      | Found a sacrificial altar of Ru.
  4103 | D:3      | Found a faded altar of an unknown god.
  4187 | D:4      | Found a staircase to the Ecumenical Temple.
  4257 | Temple   | Entered the Ecumenical Temple
  4257 | Temple   | Found a transporter.
  4257 | Temple   | Found a transporter.
  4259 | Temple   | Found a transporter.
  4259 | Temple   | Found a transporter.
  4270 | Temple   | Became a worshipper of Vehumet
  4629 | D:4      | Learned a level 4 spell: Fulminant Prism
  4634 | D:4      | Learned a level 4 spell: Iskenderun's Mystic Blast
  4679 | D:4      | Gained mutation: You have very sharp fingernails. [demonic
                  | ancestry]
  4679 | D:4      | Reached XP level 6. HP: 41/41 MP: 4/11
  4953 | D:4      | Found a shimmering altar of Xom.
  5273 | D:5      | Entered Level 5 of the Dungeon
  5861 | D:5      | Reached skill level 6 in Conjurations
  6092 | D:5      | Gained mutation: You are partially covered in molten
                  | scales. (AC +2) [demonic ancestry]
  6092 | D:5      | Reached XP level 7. HP: 40/46 MP: 1/14
  6227 | D:5      | Found a bloodstained altar of Trog.
  6302 | D:6      | Noticed a steam dragon
  6327 | D:6      | HP: 1/69 [steam dragon] (3)]
  6331 | D:6      | Killed from afar by a steam dragon

Illustrated notes

Levels and vault maps discovered:
D:1:      ncdulo_smallfort, layout_basic
D:2:      minmay_diamond_boxcup, layout_basic, kennysheep_generic_room_9
D:3:      layout_loops_ring, mainiacjoe_overflow_two_lobes,
          chequers_ecumenical_altar_grove
D:4:      layout_basic, mainiacjoe_overflow_paths,
          minmay_temple_entry_statues_fountains, minmay_misc_feat_ornament
D:5:      layout_rooms, trog_butcher_becter
D:6:      kennysheep_steamy, layout_basic, nicolae_kikubaaqudgha_miasma_corner
Temple:   hellmonk_temple_divided_pantheon

Skill      XL: |  1  2  3  4  5  6 |
---------------+-------------------+-----
Evocations     | 1 2 3 |  3.0
Spellcasting   | 3 4 |  4.8
Conjurations   | 5 6 |  6.4
Dodging        | |  1.7
Stealth        | |  1.7

Action                   |  1- 3 |  4- 6 |  7- 9 || total
-------------------------+-------+-------+-------++-------
Melee: Unarmed           |     3 |       |       ||     3
       Dagger            |       |    42 |    16 ||    58
 Cast: Magic Dart        |    75 |   158 |    11 ||   244
       Fulminant Prism   |       |       |     2 ||     2
       Iskenderun's Myst |       |       |     1 ||     1
  Use: Potion            |     1 |     1 |     4 ||     6
Armor: Robe              |     4 |     6 |       ||    10
       Skin              |       |       |    26 ||    26
Dodge: Dodged            |     4 |    49 |     2 ||    55
